AoeStats
← Aughmor

QS Arena

503751153Analyzed
2v2 RM · 1mo ago on Sep 2, 2026· 18m 34s· 4 players
Game mode
Random Map
Map size
Medium (4 player)
Population
200
Speed
Normal
Resources
Standard
Victory
Conquest
Starting age
Dark Age
Ending age
Imperial Age
RankedLock teamsTeams togetherTeam positionsShared explorationLock speedFull tech treeHidden civsTurbo modeCheats
Victory
Defeat
🇨🇱 Malians · Chile
915
+17
🇨🇱 Goths · Chile
914
+17
🇺🇸 Turks · United States
967
-18
🇺🇸 Teutons · United States
924
-40
LuisSW
9:22 Feudal Age
15:39 Castle Age
14:04 Forging
13:44 Double-Bit Axe
13:42 Horse Collar
13:58 Gold Mining
18:38 Bow Saw
dameoroSW
7:33 Feudal Age
9:57 Loom
12:46 Castle Age
13:01 Double-Bit Axe
14:04 Forging
19:01 Scale Mail Armor
Aughmor
9:47 Feudal Age
11:04 Wheelbarrow
10:17 Double-Bit Axe
10:26 Horse Collar
12:18 Gold Mining
12:19 Stone Mining
king
3:54 Loom
6:49 Feudal Age
7:34 Double-Bit Axe
7:34 Horse Collar
10:53 Wheelbarrow
15:53 Castle Age
15:22 Stone Mining
15:24 Gold Mining
16:53 Bow Saw
17:29 Padded Archer Armor
18:48 Hand Cart
Connection lost

Rejoining the realm…

Still unreachable

The connection could not be restored.

Session expired

The server has moved on; the page needs a fresh start.